 Dungeon Crawl Stone Soup version 0.29-a0-317-gd16b76e6b1 (webtiles) character file.

Game seed: 2735730310874129537

88 Ijustatesigmund the Grave Robber (level 4, 0/24 HPs)
             Began as a Deep Elf Necromancer on Apr 1, 2022.
             Succumbed to a goblin's poison
             ... on level 3 of the Dungeon.
             The game lasted 00:05:40 (2807 turns).

Ijustatesigmund the Grave Robber (DENe)             Turns: 2807, Time: 00:05:41

Health: 0/24       AC:  4    Str:  5    XL:     4   Next: 30%
Magic:  16/19      EV: 15    Int: 22    God:
Gold:   89         SH:  0    Dex: 15    Spells: 5/9 levels left

rFire   . . .      SeeInvis .   q - staff of death
rCold   . . .      Faith    .   (no shield)
rNeg    + . .      Spirit   .   a - +0 leather armour
rPois   .          Reflect  .   r - +0 helmet
rElec   .          Harm     .   (no cloak)
rCorr   .          Rampage  .   (no gloves)
Will    .....                   (no boots)
Stlth   ++........              i - amulet of regeneration
HPRegen 0.88/turn               e - ring of magical power
MPRegen 0.16/turn               t - +4 ring of evasion

@: lethally poisoned (0 -> -3), flying
A: no striking features
a: no special abilities


You were on level 3 of the Dungeon.
You visited 1 branch of the dungeon, and saw 4 of its levels.

You collected 89 gold pieces.

Inventory:

Hand Weapons
 f - a +0 short sword
Armour
 a - a +0 leather armour (worn)
 n - a +0 helmet
 r - a +0 helmet (worn)
Magical Staves
 q - a staff of death (weapon)
Jewellery
 e - a ring of magical power (left hand)
 i - an amulet of regeneration (around neck)
 t - a +4 ring of evasion (right hand)
 w - a ring of protection from cold
Wands
 l - a wand of acid (3)
Scrolls
 m - a scroll of immolation
 o - 2 scrolls of magic mapping
 p - 2 scrolls of fear {unknown}
 s - a scroll of enchant weapon {unknown}
 u - a scroll of identify {unknown}
 v - a scroll of amnesia {unknown}
Potions
 b - 2 potions of magic
 c - a potion of flight
 d - 2 potions of lignification {unknown}
 g - a potion of curing {unknown}
 h - a potion of haste {unknown}
 j - a potion of invisibility {unknown}
 k - 2 potions of ambrosia {unknown}


   Skills:
 + Level 0.1 Armour
 - Level 2.4 Dodging
 - Level 2.4 Stealth
 + Level 3.1 Spellcasting
 + Level 7.0 Necromancy


You had 5 spell levels left.
You knew the following spells:

 Your Spells              Type           Power      Damage    Failure   Level
a - Pain                  Necr           100%       1d9       1%          1
b - Vampiric Draining     Necr           50%        2d9       3%          3

Your spell library contained the following spells:

 Spells                   Type           Power      Damage    Failure   Level
 Animate Skeleton         Necr           100%       N/A       1%          1
 Animate Dead             Necr           25%        N/A       12%         4
 Agony                    Necr           50%        N/A       32%         5


Dungeon Overview and Level Annotations

Branches:
Dungeon (4/15)
 Temple: D:4-7

Altars:

Shops:
D:1 [   D:3 [

Annotations:
D:3 Grinder
D:4 Robin


Message History

Your Necromancy skill increases to level 7!
Casting: Pain (safe; 1% risk of failure)
Confirm with . or Enter, or press ? or * to list all spells.
Aiming: Pain (safe; 1% risk of failure)
Press: ? - help, Shift-Dir - straight line, f - goblin
Aim: a goblin, wielding a +0 club (chance to affect: 93%)
You feel a surge of power!
The goblin writhes in agony.
You kill the goblin!
Robin roars a battlecry!
The goblins go into a battle-frenzy!
Casting: Pain (safe; 1% risk of failure)
Confirm with . or Enter, or press ? or * to list all spells.
Aiming: Pain (safe; 1% risk of failure)
Press: ? - help, Shift-Dir - straight line, f - goblin
Aim: a goblin, wielding a +0 club (strong, chance to affect: 93%)
You feel a surge of power!
The goblin writhes in agony.
The goblin barely misses you. Robin throws the goblin at you!
The goblin hits you with a +0 club.
Casting: Pain (safe; 1% risk of failure)
Confirm with . or Enter, or press ? or * to list all spells.
Aiming: Pain (safe; 1% risk of failure)
Press: ? - help, Shift-Dir - straight line, f/p - goblin
Aim: a goblin, wielding a +0 club (moderately wounded, strong, chance to affect: 93%)
You feel a surge of power!
The goblin writhes in agony.
You kill the goblin!
The goblin hits you with a +0 club. The goblin misses you.
The goblin barely misses you. The goblin hits you with a +0 club. x3
The goblin hits you with a +2 dagger of venom.
* * * LOW HITPOINT WARNING * * *
You are lethally poisoned!
You climb upwards.
Level annotation: Grinder
* * * LOW HITPOINT WARNING * * *
You feel very sick.
There is a stone staircase leading down here.
It was a potion of flight.
You feel very buoyant.
You fly up into the air.
You die...

#,#........)......## #.#
#.#.###.#..........######.####
#..<..........................
#######.#.#######.#####.#.###+
#.#.#* #.# #.#.#...
****#.#..######.# #.#.#...
*,,,............# #.#.#...
***,**#.......g...#####.#.#...
*,,,,,......g@g...............
*,*,**#....##g###.#####.#.###.
*,*,* #..,,*#.###,* #.......
*,*,* #...,*#.#.#.# #.######
**,*,***....##.#.#.#####.##....
*,,,,,,..........#.#........#**
**,,,,,....†##.#.#.#........###
******##..,*#.....+...........
#...####.#.#........###


You could see 4 goblins.

Vanquished Creatures
  Ijyb (D:3)
  An adder (D:2)
  A worm (D:2)
  2 dart slugs
  4 ball pythons (D:1)
  8 bats
  An endoplasm (D:2)
  4 giant cockroaches
  7 goblins
  A hobgoblin (D:1)
  4 jackals (D:1)
  4 kobolds
  2 frilled lizards
  3 rats
43 creatures vanquished.

Notes
Turn   | Place    | Note
-------+----------+-------------------------------------------
     0 | D:1      | Ijustatesigmund the Deep Elf Necromancer began the quest
                  | for the Orb.
     0 | D:1      | Reached XP level 1. HP: 10/10 MP: 6/6
    33 | D:1      | Reached skill level 5 in Necromancy
   340 | D:1      | Reached XP level 2. HP: 12/15 MP: 5/8
   555 | D:1      | Found Etzyeshu's Antique Armour Shop.
  1192 | D:1      | Reached skill level 6 in Necromancy
  1345 | D:2      | Reached XP level 3. HP: 14/19 MP: 9/9
  1349 | D:2      | Learned a level 3 spell: Vampiric Draining
  2476 | D:3      | Noticed Ijyb
  2483 | D:3      | Killed Ijyb
  2484 | D:3      | Reached XP level 4. HP: 10/24 MP: 10/10
  2554 | D:3      | Noticed Grinder
  2648 | D:3      | Found Ohohoyx's Armour Boutique.
  2800 | D:4      | Noticed Robin
  2802 | D:4      | Reached skill level 7 in Necromancy
  2806 | D:3      | HP: 1/24 [poisoned by a goblin]
  2807 | D:3      | Succumbed to a goblin's poison

Illustrated notes

Levels and vault maps discovered:
D:1:      tarquinn_simple_flora_water_b, layout_basic, serial_shops,
          nicolae_shop_statue_plus, minmay_heptomino_d4
D:2:      layout_basic
D:3:      layout_basic, serial_shops, shop, uniq_grinder, uniq_ijyb
D:4:      layout_cave_pods, minmay_temple_entry_gardened_gates, enter_ossuary_2,
          uniq_robin, uniq_duvessa

Skill      XL: |  1  2  3  4 |
---------------+-------------+-----
Necromancy     | 5 6 7 |  7.0
Armour         | |  0.1
Dodging        | |  2.4
Stealth        | |  2.4
Spellcasting   | |  3.1

Action                   |  1- 3 |  4- 6 || total
-------------------------+-------+-------++-------
Melee: Staff             |     1 |       ||     1
 Cast: Pain              |    63 |     8 ||    71
  Use: Scroll            |     2 |     1 ||     3
       Potion            |       |     1 ||     1
Armor: Robe              |     2 |       ||     2
Dodge: Dodged            |     4 |     4 ||     8

Table legend: (Time is in decaauts)
 A = Elapsed time spent in this place.
 B = Non-inter-level travel time spent in this place.
 C = Inter-level travel time spent in this place.
 D = Time resting spent in this place.
 E = Time spent auto-exploring this place.
 F = Levels seen in this place.
 G = Mean time per level.
                   A        B        C        D        E       F      G
               +--------+--------+--------+--------+--------+-----+--------+
         Total |   2804 |   2753 |     51 |    317 |   2097 |   4 |  701.0 |
       Dungeon |   2804 |   2753 |     51 |    317 |   2097 |   4 |  701.0 |
               +--------+--------+--------+--------+--------+-----+--------+

Top non-repeatable levels by time:
     D:1: 1330 daAuts
     D:2: 1165 daAuts
     D:3: 302 daAuts
     D:4: 5 daAuts
